Map: Pillars of Gold LE

Players

LiquidTLO (TLO)

  • Race: Zerg Zerg
  • League: Master
  • Spawn Location: 7:00

Future - Winner!

  • Race: Terran Terran
  • Spawn Location: 1:00

Event: DreamHack SC2 Masters 2020 Fall

VOD

Have the link to the VOD?

Description

Time

  • Played on: Sept. 4, 2020, 6:45 p.m.
  • Length: 10:16

All games in this series

Show
View Real Time Build Order
Export as new Build Order

LiquidTLO Zerg 

Build Orders: Hatch First, Muta Ling Bane 

Get SALT Encoding   

  12  0:00  Drone  
  13  0:13  Overlord  
  13  0:19  Drone  
  14  0:31  Drone  
  14  0:32  Drone  
  16  0:50  Hatchery  
  16  0:54  Drone  
  16  0:57  Drone  
  16  1:01  Drone  
  18  1:07  Extractor  
  17  1:17  Spawning Pool  
  16  1:19  Drone  
  16  1:24  Drone  
  18  1:30  Drone  
  19  1:40  Drone  
  20  1:51  Drone  
  21  2:03  Zergling x2  
  21  2:04  Zergling x2  
  21  2:05  Queen x2  
  21  2:08  Metabolic Boost  
  27  2:14  Overlord  
  27  2:19  Drone  
  28  2:28  Extractor x2  
  26  2:33  Drone  
  26  2:34  Drone  
  30  2:37  Overlord  
  30  2:40  Queen  
  30  2:44  Drone  
  33  2:45  Drone  
  33  2:49  Drone  
  35  2:57  Drone  
  36  3:03  Drone  
  37  3:07  Queen  
  37  3:08  Drone  
  40  3:13  Hatchery  
  40  3:17  Drone x2  
  41  3:21  Zergling x2  
  41  3:22  Zergling x2  
  43  3:28  Overlord  
  43  3:33  Overlord  
  43  3:34  Overlord  
  43  3:38  Drone  
  44  3:42  Overlord  
  44  3:47  Queen  
  44  3:50  Drone  
  44  3:53  Drone x2  
  44  3:54  Drone  
  49  3:55  Zergling x2  
  49  4:00  Overlord  
  49  4:02  Drone  
  50  4:04  Drone  
  50  4:07  Drone  
  52  4:11  Drone  
  51  4:20  Drone x2  
  51  4:22  Drone, Spore Crawler  
  51  4:23  Drone  
  51  4:26  Drone  
  51  4:27  Drone  
  53  4:33  Spore Crawler  
  53  4:34  Drone x5  
  53  4:36  Drone  
  58  4:44  Drone  
  59  4:45  Drone  
  59  4:47  Lair  
  59  4:49  Drone  
  59  4:50  Spore Crawler  
  60  4:56  Drone x2  
  60  4:59  Queen  
  64  5:00  Zergling x6  
  64  5:01  Zergling x2  
  64  5:03  Extractor  
  64  5:04  Extractor  
  64  5:05  Drone x2  
  64  5:06  Extractor  
  67  5:08  Drone x2  
  67  5:11  Baneling Nest  
  67  5:12  Drone  
  67  5:13  Zergling x2  
  70  5:14  Pneumatized Carapace  
  70  5:16  Drone  
  71  5:22  Drone  
  71  5:23  Drone  
  71  5:26  Drone  
  71  5:28  Drone  
  74  5:30  Drone  
  74  5:31  Drone  
  74  5:34  Extractor  
  74  5:35  Extractor  
  73  5:38  Drone  
  73  5:40  Drone x3  
  73  5:41  Drone  
  73  5:42  Overlord  
  78  5:46  Hatchery  
  78  5:48  Spire  
  78  5:49  Drone  
  77  5:51  Drone  
  77  5:54  Overlord  
  78  5:58  Overlord  
  78  5:59  Overlord  
  78  6:03  Spore Crawler  
  75  6:05  Drone, Centrifical Hooks  
  75  6:07  Drone  
  75  6:08  Drone  
  75  6:10  Evolution Chamber  
  76  6:12  Drone  
  76  6:13  Drone  
  76  6:14  Drone  
  76  6:15  Overseer  
  76  6:17  Zergling x2  
  76  6:18  Zergling x2  
  81  6:22  Drone x2  
  81  6:23  Zergling x4  
  85  6:26  Overlord  
  85  6:33  Overlord  
  85  6:37  Overlord  
  85  6:38  Zergling x2  
  86  6:45  Zerg Ground Armor Level 1  
  86  6:46  Drone x2  
  88  6:47  Evolution Chamber  
  88  6:48  Baneling x10  
  88  6:50  Zergling x2  
  88  6:55  Zergling x4  
  88  6:57  Drone x2  
  88  6:58  Drone x3  
  88  6:59  Drone x2  
  88  7:00  Zergling x2  
  88  7:01  Zergling x2  
  99  7:04  Zerg Flyer Weapons Level 1  
  99  7:06  Zergling x4  
  101  7:13  Zergling x2  
  102  7:16  Zergling x2  
  102  7:17  Zergling x4  
  102  7:21  Zergling x2  
  102  7:22  Zergling x4  
  108  7:26  Mutalisk  
  108  7:27  Mutalisk x2  
  110  7:33  Mutalisk x6  
  110  7:35  Zergling x2  
  110  7:36  Zergling x2  
  119  7:39  Queen, Zergling x2  
  119  7:41  Zergling x2  
  121  7:47  Zergling x2  
  121  7:48  Zergling x2  
  121  7:50  Mutalisk  
  116  7:52  Mutalisk  
  116  7:53  Zergling x4  
  116  7:54  Zergling x2  
  116  7:55  Zergling x4  
  116  7:56  Zergling x2  
  116  7:58  Zergling x4  
  120  8:03  Zergling x4  
  113  8:05  Zergling x2  
  113  8:06  Zergling x8  
  113  8:08  Zergling x2  
  113  8:11  Mutalisk  
  113  8:12  Mutalisk  
  108  8:15  Mutalisk  
  108  8:17  Zergling x2  
  108  8:19  Mutalisk  
  107  8:21  Mutalisk  
  107  8:24  Mutalisk  
  107  8:25  Zergling x2  
  107  8:27  Mutalisk  
  103  8:28  Zergling x2  
  103  8:29  Zergling x2  
  103  8:31  Mutalisk  
  103  8:32  Zergling x2  
  103  8:33  Zergling x2  
  100  8:35  Zergling x2  
  100  8:37  Mutalisk  
  100  8:40  Zergling x4  
  100  8:41  Zergling x2  
  100  8:42  Zergling x2  
  100  8:43  Zergling x2  
  100  8:44  Zergling x2  
  91  8:51  Mutalisk x2  
  91  8:53  Queen  
  91  8:54  Zergling x2  
  93  8:56  Zergling x4  
  93  8:57  Zergling x2  
  93  8:59  Zergling x2  
  93  9:00  Zergling x2  
  98  9:03  Zergling x2  
  98  9:09  Baneling x3  
  99  9:15  Zergling x6  
  102  9:18  Zergling x4  
  102  9:19  Zergling x2  
  102  9:20  Baneling  
  102  9:22  Zergling x2  
  102  9:23  Zergling x2  
  107  9:28  Zergling x2  
  107  9:29  Zergling x6  
  111  9:32  Zergling x6  
  111  9:33  Zergling x2  
  111  9:35  Zergling x2, Mutalisk  
  112  9:41  Mutalisk  
  112  9:43  Zergling x4  
  108  9:49  Zergling x2, Mutalisk x2  
  108  9:50  Baneling x4  
  108  9:51  Baneling  
Show
View Real Time Build Order
Export as new Build Order

Future Terran - Winner!

Build Orders: Reaper Expand, Hellion Banshee 

Get SALT Encoding   

  12  0:00  SCV  
  13  0:12  SCV  
  14  0:18  Supply Depot  
  14  0:24  SCV  
  15  0:39  SCV  
  15  0:40  Barracks  
  16  0:45  Refinery  
  16  0:51  SCV  
  17  1:03  SCV  
  18  1:15  SCV  
  19  1:28  Orbital Command, Reaper  
  20  1:43  Command Center  
  20  1:53  SCV  
  21  1:55  Supply Depot  
  21  2:00  Marine  
  22  2:02  Unknown  
  22  2:07  Unknown  
  22  2:08  Unknown  
  22  2:09  SCV  
  22  2:14  Factory  
  23  2:18  Refinery  
  23  2:22  SCV  
  24  2:24  Barracks Reactor  
  24  2:34  SCV  
  25  2:46  SCV  
  26  2:55  Orbital Command  
  26  2:58  Starport, SCV  
  27  3:06  Hellion  
  27  3:07  Hellion  
  27  3:10  SCV  
  27  3:11  Barracks Tech Lab  
  32  3:19  Supply Depot  
  32  3:22  SCV x2  
  34  3:28  Hellion  
  34  3:29  Hellion  
  38  3:34  SCV x2  
  39  3:46  SCV  
  40  3:49  Hellion, SCV  
  40  3:50  Hellion  
  45  3:58  SCV  
  45  3:59  Banshee  
  45  4:01  SCV  
  45  4:02  Cloaking Field  
  49  4:03  Barracks Tech Lab  
  49  4:11  Supply Depot  
  49  4:13  SCV  
  49  4:14  SCV  
  45  4:24  Marine  
  45  4:29  SCV x2  
  48  4:35  Command Center  
  48  4:36  Stimpack  
  48  4:41  Banshee  
  48  4:42  SCV, Marine  
  48  4:43  SCV  
  54  4:46  Factory Reactor  
  54  4:54  SCV  
  54  4:55  Barracks, SCV  
  54  4:58  Barracks  
  56  5:00  Marine  
  56  5:06  SCV, Supply Depot  
  58  5:07  SCV  
  58  5:13  Engineering Bay  
  59  5:14  Engineering Bay  
  60  5:21  SCV x2  
  60  5:23  Refinery  
  60  5:24  Refinery  
  57  5:28  Marine  
  57  5:33  SCV x2  
  60  5:37  Starport Reactor  
  60  5:38  Siege Tank  
  60  5:42  Terran Infantry Armor Level 1, Terran Infantry Weapons Level 1  
  63  5:43  Marine x2  
  63  5:46  Marine  
  63  5:47  Orbital Command  
  66  5:51  SCV x2  
  66  5:56  Supply Depot, Marine  
  66  5:57  Marine  
  69  6:00  Marine x2  
  72  6:04  Marine  
  72  6:06  SCV  
  72  6:07  SCV  
  75  6:11  Orbital Command  
  75  6:17  Medivac x2, Siege Tank  
  75  6:18  Marine x4  
  84  6:20  SCV  
  84  6:21  Supply Depot  
  84  6:22  SCV  
  88  6:28  Supply Depot  
  88  6:30  Supply Depot  
  88  6:32  SCV, Marine  
  90  6:34  SCV  
  90  6:35  Marine  
  90  6:36  Combat Shield, Marine  
  93  6:43  SCV, Marine  
  93  6:46  SCV x2  
  97  6:51  Armory  
  97  6:55  SCV, Marine x4  
  97  6:58  SCV  
  103  7:03  SCV  
  103  7:05  Supply Depot, Marine  
  103  7:06  Supply Depot  
  105  7:09  Siege Tank  
  105  7:11  SCV  
  105  7:12  SCV  
  105  7:13  Marine  
  112  7:15  SCV  
  112  7:21  Barracks  
  112  7:22  Barracks  
  112  7:29  SCV x2  
  113  7:30  SCV, Marine  
  113  7:31  Marine x2  
  113  7:33  Refinery  
  113  7:34  Refinery  
  113  7:36  Marine  
  118  7:41  Marine  
  118  7:42  Siege Tank  
  122  7:45  Supply Depot x2  
  122  7:51  Marine  
  122  7:53  Marine x2  
  122  7:54  Marine  
  68  7:58  Medivac x2  
  120  7:59  Marine  
  120  8:01  Factory  
  123  8:08  SCV x3  
  123  8:09  Marine  
  123  8:11  Marine x2  
  123  8:12  Marine  
  122  8:16  Siege Tank  
  122  8:17  Marine  
  117  8:25  Barracks Reactor x2  
  111  8:27  Marine  
  111  8:28  Medivac x2  
  111  8:29  Marine x3  
  109  8:38  Barracks  
  109  8:40  Barracks  
  109  8:41  Barracks  
  108  8:45  Marine  
  108  8:46  Marine  
  108  8:47  Marine  
  105  8:48  Siege Tank  
  105  8:50  Marine  
  103  8:58  Medivac x2  
  103  8:59  Factory Reactor  
  107  9:03  Missile Turret  
  107  9:05  Missile Turret  
  107  9:06  Missile Turret  
  107  9:08  Missile Turret  
  107  9:11  Marine x2  
  107  9:16  Marine  
  110  9:17  Marine x4  
  110  9:23  Marine  
  115  9:24  Marine  
  115  9:28  Marine x3  
  115  9:29  Marine x2  
  121  9:35  Marine  
  119  9:40  Marine  
  119  9:41  Marine x4  
  119  9:43  Marine  
  115  9:53  Marine x2  
  115  9:57  Marine  
  121  10:00  Factory Reactor  

Tags
 
Add a new tag
Caveats
  • Supply blocks, unpowered buildings, or Contaminate may cause inaccurate times.
  • Supply counts are checked every 10 seconds.